 Dungeon Crawl Stone Soup version 0.20-a0-1026-gc3ddcbd (webtiles) character file.

382 theAP the Ruffian (level 6, -2/62 HPs)
             Began as a Troll Fighter on Apr 20, 2017.
             Was a Follower of Wu Jian.
             Slain by claquette's ghost (6 damage)
             ... on level 4 of the Dungeon.
             The game lasted 00:03:58 (2274 turns).

theAP the Ruffian (Troll Fighter)                   Turns: 2274, Time: 00:03:59

Health: -2/62      AC:  5    Str: 32    XL:     6   Next: 47%
Magic:  5/5        EV:  8    Int:  4    God:    Wu Jian [*.....]
Gold:   119        SH:  9    Dex:  9    Spells: 5/5 levels left

rFire    . . .     SeeInvis .     - Unarmed
rCold    . . .     Gourm    +   b - +0 shield
rNeg     . . .     Faith    .   a - +0 robe
rPois    .         Spirit   .   (helmet restricted)
rElec    .         Reflect  .   (no cloak)
rCorr    +         Harm     .   (gloves unavailable)
MR       .....                  (boots unavailable)
Stlth    +.........             s - amulet of the gourmand
Regen    0.6/turn               g - ring of resist corrosion
MPRegen  0.1/turn               (no ring)

@: mighty, lethally poisoned (-2 -> -2)
A: unfitting armour, claws 3, fast metabolism 3, gourmand, regeneration 1,
shaggy fur 1, tough skin 2
a: Renounce Religion


You were on level 4 of the Dungeon.
You worshipped Wu Jian.
Wu Jian was aware of your devotion.
You were very full.

You visited 1 branch of the dungeon, and saw 4 of its levels.

You collected 119 gold pieces.

Inventory:

Armour
 a - a +0 robe (worn)
 b - a +0 shield (worn)
Jewellery
 g - a ring of resist corrosion (left claw)
 s - an amulet of the gourmand (around neck)
Scrolls
 e - a scroll of teleportation
 l - 3 scrolls of noise {unknown}
 p - a scroll of enchant armour {unknown}
 t - a scroll of magic mapping {unknown}
Potions
 f - a potion of resistance
 i - a potion of brilliance {unknown}
 k - a potion of degeneration {unknown}
 m - 3 potions of curing {unknown}
 n - a potion of haste {unknown}
 o - a potion of flight {unknown}
 r - 2 potions of mutation {unknown}
Comestibles
 d - 5 bread rations
 j - a royal jelly
 q - 4 fruits


   Skills:
 + Level 4.0 Fighting
 - Level 2.4 Dodging
 - Level 2.4 Shields
 * Level 5.8 Unarmed Combat


You had 5 spell levels left.
You didn't know any spells.

Dungeon Overview and Level Annotations

Branches:
Dungeon (4/15)
 Temple: D:4-7

Altars:
Ru
Vehumet
Wu Jian
The Shining One

Annotations:
D:4 claquette's ghost, novice TrMo


Innate Abilities, Weirdness & Mutations

You are too large for most types of armour.
You have claws for hands.
Your metabolism is lightning-fast.
You like to eat raw meat.
Your natural rate of healing is unusually fast.
You are covered in fur. (AC +1)
You have very tough skin. (AC +2)


Message History

Claquette's ghost hits you!
You closely miss claquette's ghost.
Claquette's ghost is lightly damaged.
Claquette's ghost hits you!
You feel very mighty all of a sudden.
Claquette's ghost hits you but does no damage.
You claw claquette's ghost!
Claquette's ghost is moderately damaged.
You feel sick. You block claquette's ghost's attack.
You mangle claquette's ghost!!
Claquette's ghost is severely damaged.
Claquette's ghost barely misses you.
You closely miss claquette's ghost.
Claquette's ghost is severely damaged.
Claquette's ghost hits you!!
* * * LOW HITPOINT WARNING * * *
You scratch claquette's ghost but do no damage.
Claquette's ghost is severely damaged.
You feel sick. Claquette's ghost hits you.
You die...

#######.##.# ##.## #.#
#..........# #.# #.#
##.#####.########.####.#
... #.....>........#.
#.. #.#############.# ..
#.# #.# #. #.# #.#
.#.###.####.# #.#
.%.......W@.# #.#
########.#### ..# #.#
..# #.# ### ... #.. #...
....


You could see claquette's ghost.

Vanquished Creatures
  Edmund (D:4)
  An ogre (D:4)
  An iguana (D:4)
  2 worker ants (D:4)
  4 adders
  An ooze (D:3)
  5 leopard geckos
  5 orcs (D:3)
  6 bats
  5 giant cockroaches
  4 goblins
  5 hobgoblins
  4 jackals (D:3)
  A quokka (D:3)
  3 frilled lizards
  2 kobolds
  8 rats
58 creatures vanquished.

Notes
Turn   | Place    | Note
-------+----------+-------------------------------------------
     0 | D:1      | theAP the Troll Fighter began the quest for the Orb.
     0 | D:1      | Reached XP level 1. HP: 22/22 MP: 0/0
     7 | D:1      | Noticed a wolf
     7 | D:1      | Noticed a polar bear
     7 | D:1      | Noticed a wyvern
     7 | D:1      | Noticed a black mamba
     7 | D:1      | Noticed a killer bee
    80 | D:1      | Reached XP level 2. HP: 29/29 MP: 1/1
   711 | D:2      | Reached skill level 3 in Unarmed Combat
   745 | D:2      | Reached XP level 3. HP: 35/36 MP: 2/2
   916 | D:2      | Found a glowing golden altar of the Shining One.
   917 | D:2      | Found an ornate altar of the Wu Jian Council.
   922 | D:2      | Became a worshipper of the Wu Jian Council
  1399 | D:3      | Reached XP level 4. HP: 45/45 MP: 3/3
  1421 | D:3      | Found a radiant altar of Vehumet.
  1684 | D:3      | Reached skill level 4 in Unarmed Combat
  1922 | D:3      | Found a sacrificial altar of Ru.
  2083 | D:4      | Noticed an ogre
  2091 | D:4      | Killed an ogre
  2091 | D:4      | Reached skill level 5 in Unarmed Combat
  2091 | D:4      | Reached XP level 5. HP: 36/53 MP: 4/4
  2224 | D:4      | Noticed Edmund
  2235 | D:4      | Killed Edmund
  2235 | D:4      | Reached XP level 6. HP: 32/62 MP: 5/5
  2257 | D:4      | Noticed claquette's ghost (novice TrMo)
  2265 | D:4      | Reached * piety under Wu Jian
  2274 | D:4      | Slain by claquette's ghost

Vault maps used:
D:1:      onia_arrival_zoo_common
D:2:      gammafunk_temple_overflow_statue, due_unseen_surprise
D:3:      nicolae_overflow_crystal_walls, first_bread, serial_park_tiny_pond,
          nicolae_ru_awakened_eye
D:4:      kennysheep_little_box, uniq_edmund, uniq_duvessa

Skill      XL: |  1  2  3  4  5  6 |
---------------+-------------------+-----
Unarmed Combat | 3 5 |  5.8
Fighting       | 3 4 |  4.0
Dodging        | |  2.4
Shields        | |  2.4

Action                   |  1- 3 |  4- 6 || total
-------------------------+-------+-------++-------
Melee: Unarmed           |    97 |    68 ||   165
  Use: Scroll            |     4 |     1 ||     5
       Potion            |       |     2 ||     2
  Eat: Chunk             |    15 |    10 ||    25
Armor: Robe              |    45 |    12 ||    57
Dodge: Dodged            |    31 |    11 ||    42
Block: Shield            |    45 |    23 ||    68
